 Dungeon Crawl Stone Soup version 0.28.0-53-g5a82cb258f (webtiles) character file.

Game seed: 11868573960672757047

1246 ILmort the Cleaver (level 8, -12/74 HPs)
             Began as a Hill Orc Fighter on Aug 16, 2022.
             Was a Follower of Qazlal.
             Mangled by a skeletal warrior
             ... wielding a +0 scimitar
             ... led by a skeletal warrior
              (27 damage)
             ... on level 6 of the Dungeon.
             The game lasted 00:15:48 (6169 turns).

ILmort the Cleaver (Hill Orc Fighter)               Turns: 6169, Time: 00:15:48

Health: -12/74     AC: 12    Str: 21    XL:     8   Next: 50%
Magic:  10/10      EV:  9    Int:  8    God:    Qazlal [*.....]
Gold:   165        SH:  7    Dex: 20    Spells: 7/7 levels left

rFire   . . .      SeeInvis .   a - +1 war axe (flame)
rCold   + . .      Faith    .   c - +0 buckler
rNeg    . . .      Spirit   .   w - +2 scale mail of Compression {Dex+10}
rPois   +          Reflect  .   i - +1 helmet
rElec   .          Harm     .   (no cloak)
rCorr   .          Rampage  .   g - +0 pair of gloves
Will    .....                   (no boots)
Stlth   ..........              (no amulet)
HPRegen 0.22/turn               k - ring of protection from cold
MPRegen 0.12/turn               y - ring of poison resistance

@: no status effects
A: no striking features
a: Renounce Religion


You were on level 6 of the Dungeon.
You worshipped Qazlal.
Qazlal was aware of your devotion.
You visited 2 branches of the dungeon, and saw 7 of its levels.

You collected 165 gold pieces.

Inventory:

Hand Weapons
 a - a +1 war axe of flaming (weapon)
Armour
 b - a +0 scale mail
 c - a +0 buckler (worn)
 g - a +0 pair of gloves (worn)
 i - a +1 helmet (worn)
 w - the +2 scale mail of Compression (worn) {Dex+10}
   (You found it on level 5 of the Dungeon)

   Dex:       It affects your dexterity (+10).
Jewellery
 k - a ring of protection from cold (left hand)
 m - a ring of magical power
 o - a ring of protection from fire
 s - a ring of fire
 y - a ring of poison resistance (right hand)
Wands
 u - a wand of iceblast (7)
Scrolls
 h - a scroll of identify
 j - a scroll of teleportation
 v - a scroll of fear
Potions
 d - a potion of might
 e - 2 potions of curing
 f - a potion of haste
 l - 2 potions of attraction
 n - a potion of magic
 r - a potion of degeneration
 x - a potion of lignification


   Skills:
 * Level 7.7 Fighting
 - Level 10.3 Axes
 - Level 3.3 Armour
 - Level 3.3 Shields
 + Level 3.3 Invocations


You had 7 spell levels left.
You didn't know any spells.
Your spell library was empty.

Dungeon Overview and Level Annotations

Branches:
Dungeon (6/15)             Temple (1/1) D:4

Altars:
Ashenzari
Cheibriados
Dithmenos
Elyvilon
Fedhas
Hepliaklqana
Kikubaaqudgha
Makhleb
Okawaru
Qazlal
Ru
Sif Muna
Uskayaw
Vehumet
Wu Jian
Xom
Zin

Shops:
D:1 =


Message History

There is a stone staircase leading down here.
You climb downwards.
You hear the sound of rushing water.
There is an entrance to a sewer on this level.
Hurry and find it before the portal rusts away!
There is a stone staircase leading up here.
As you read the scroll labelled LOBLAT REETHRYC, it crumbles to dust.
You assume a fearsome visage.
Nothing appears to happen.
It was a scroll of fear.
As you read the scroll labelled XOTAEWK HERGHIO, it crumbles to dust.
The scroll dissolves into smoke.
It was a scroll of fog.
As you read the scroll labelled LOECKI YNAJI, it crumbles to dust.
It is a scroll of brand weapon.
Your +1 war axe is engulfed in flames!
a - a +1 war axe of flaming (weapon)
Blink to where?
As you read the scroll labelled PESUEN XICENI, it crumbles to dust.
It was a scroll of blinking.
As you read the scroll labelled PUAMINO ORAU, it crumbles to dust.
It is a scroll of enchant armour.
Your +0 helmet glows green for a moment.
A skeletal warrior comes into view. It is wielding a +0 scimitar.
You slash the skeletal warrior! You burn the skeletal warrior.
The skeletal warrior hits you with a +0 scimitar!!
You hit the skeletal warrior but do no damage.
You hear the slow rusting of a very distant drain.
The skeletal warrior hits you but does no damage.
You slash the skeletal warrior! You burn the skeletal warrior.
The skeletal warrior hits you with a +0 scimitar.
You barely miss the skeletal warrior.
A skeletal warrior comes into view. It is wielding a +0 mace.
The skeletal warrior hits you with a +0 scimitar!
You slash the skeletal warrior! You burn the skeletal warrior.
The skeletal warrior barely misses you.
You barely miss the skeletal warrior.
The skeletal warrior hits you with a +0 scimitar!
You closely miss the skeletal warrior. You barely miss the skeletal warrior.
The skeletal warrior hits you with a +0 mace!
* * * LOW HITPOINT WARNING * * *
The skeletal warrior hits you with a +0 scimitar!!
You die...

...# #ยง#
#..# #.# ..#
#.# ###.##.#
#.# ..>...<#
#.# ##.###.#
#.# #.# #
#.# #..
#.#.##.###
...
#.z@.....#
####
#...z.#..###
#######..#
.# .# #


You could see 2 skeletal warriors.

Vanquished Creatures
  Grinder (D:5)
  A water moccasin (D:4)
  The ghost of psihoz the Slinger, an amateur GnHu (D:3)
  A necrophage (D:5)
  An ogre (D:3)
  The ghost of Condegh the Digger, an amateur GrEE (D:4)
  2 scorpions
  3 jellies
  An orc priest (D:3)
  4 iguanas (D:5)
  Ijyb (D:5)
  2 scorpion simulacra (D:3)
  A hound skeleton (D:5)
  11 adders
  2 white imps (D:5)
  2 worms
  An adder simulacrum (D:3)
  3 dart slugs
  13 orcs
  4 bats
  6 endoplasms (D:1)
  5 giant cockroaches
  4 goblins
  6 hobgoblins
  5 quokkas
  8 ball pythons
  2 ball python simulacra (D:3)
  4 frilled lizards
  9 kobolds
  A quokka simulacrum (D:3)
  5 rats
111 creatures vanquished.

Notes
Turn   | Place    | Note
-------+----------+-------------------------------------------
     0 | D:1      | ILmort the Hill Orc Fighter began the quest for the Orb.
     0 | D:1      | Reached XP level 1. HP: 19/19 MP: 1/1
    99 | D:1      | Reached skill level 3 in Axes
   109 | D:1      | Reached XP level 2. HP: 23/26 MP: 2/2
   357 | D:1      | Found Lehiuse's Jewellery Shop.
   428 | D:1      | Reached skill level 4 in Axes
   820 | D:1      | Reached XP level 3. HP: 31/31 MP: 3/3
  1187 | D:2      | Reached skill level 5 in Axes
  1295 | D:2      | Reached XP level 4. HP: 27/39 MP: 4/4
  1484 | D:2      | Reached skill level 6 in Axes
  1569 | D:2      | Reached XP level 5. HP: 45/45 MP: 5/5
  2232 | D:3      | Reached skill level 7 in Axes
  2377 | D:3      | Found a runed translucent gate.
  2377 | D:3      | Found a runed translucent gate.
  2377 | D:3      | Found a runed translucent gate.
  2455 | D:3      | Noticed psihoz's ghost (amateur GnHu)
  2472 | D:3      | Killed psihoz's ghost
  2473 | D:3      | Reached skill level 8 in Axes
  2473 | D:3      | Reached XP level 6. HP: 39/51 MP: 6/6
  2975 | D:3      | Found a sacrificial altar of Ru.
  2975 | D:3      | Found a snail-covered altar of Cheibriados.
  2976 | D:3      | Found an ornate altar of the Wu Jian Council.
  3089 | D:3      | Reached skill level 9 in Axes
  3372 | D:4      | Reached XP level 7. HP: 57/57 MP: 7/7
  3538 | D:4      | Found a staircase to the Ecumenical Temple.
  3546 | Temple   | Entered the Ecumenical Temple
  3861 | Temple   | Became a worshipper of Qazlal Stormbringer
  3887 | D:4      | Found a radiant altar of Vehumet.
  4058 | D:4      | Found a large runed translucent door.
  4058 | D:4      | Found a large runed translucent door.
  4073 | D:4      | Noticed Condegh's ghost (amateur GrEE)
  4208 | D:4      | Killed Condegh's ghost
  4861 | D:5      | Entered Level 5 of the Dungeon
  4884 | D:4      | Reached skill level 5 in Fighting
  4884 | D:4      | Reached skill level 10 in Axes
  5420 | D:5      | Reached XP level 8. HP: 56/70 MP: 8/8
  5515 | D:5      | Noticed Ijyb
  5533 | D:5      | Killed Ijyb
  5700 | D:5      | Noticed Grinder
  5709 | D:5      | Killed Grinder
  5712 | D:5      | Identified the +2 scale mail of Compression {Dex+10}
  6021 | D:5      | Reached * piety under Qazlal
  6161 | D:6      | Noticed a skeletal warrior
  6166 | D:6      | Noticed a skeletal warrior
  6169 | D:6      | Mangled by a skeletal warrior

Illustrated notes

Levels and vault maps discovered:
D:1:      minmay_arrival_cross, layout_basic, serial_shops, nicolae_shop_stone
D:2:      layout_loops_corners, minmay_snake_closets
D:3:      layout_loops_ring, gammafunk_temple_overflow_claw,
          gammafunk_ghost_icy, minmay_misc_feat_rows
D:4:      layout_gridville, overflow_temple_1_default, temple_green,
          ebering_ghost_disaster_area, grunt_ministairs_8
D:5:      layout_basic, ebering_dispersal_statue_hall, chequers_jeans,
          uniq_ijyb, uniq_grinder
D:6:      layout_basic, tso_metal_star, gup_sewer_entry_spiral, chequers_garden
Temple:   oiseaux_autumnal_temple

Skill      XL: |  1  2  3  4  5  6  7  8 |
---------------+-------------------------+-----
Axes           | 3 4 5 6 8 9 10 | 10.3
Fighting       | 6 7 |  7.7
Invocations    | 3 |  3.3
Armour         | |  3.3
Shields        | |  3.3

Action                   |  1- 3 |  4- 6 |  7- 9 || total
-------------------------+-------+-------+-------++-------
Melee: War axe           |    90 |   121 |   151 ||   362
  Use: Scroll            |       |     2 |    10 ||    12
       Potion            |       |       |     2 ||     2
Armor: Scale mail        |    56 |    47 |    34 ||   137
Dodge: Dodged            |    42 |    50 |    52 ||   144
Block: Buckler           |    21 |    19 |    31 ||    71
